 Dungeon Crawl Stone Soup version 0.31.0-11-ge490571c62 (webtiles) character file.

Game seed: 2214306630611705506

2062 qw the Skirmisher (level 9, -1/50 HPs)
             Began as a Deep Elf Hunter on Feb 3, 2024.
             Was a Priest of Okawaru.
             Killed from afar by an electric eel (4 damage)
             ... with a bolt of electricity
             ... on level 7 of the Dungeon.
             The game lasted 00:01:34 (5654 turns).

qw the Skirmisher (Deep Elf Hunter)                 Turns: 5654, Time: 00:01:34

Health: -1/50      AC:  6    Str: 12    XL:     9   Next: 5%
Magic:  14/14      EV: 12    Int: 15    God:    Okawaru [***...]
Gold:   286        SH:  0    Dex: 18    Spells: 8/8 levels left

rFire   . . .        a - +1 shortbow
rCold   + . .        (shield currently unavailable)
rNeg    . . .        h - +0 ring mail
rPois   .            f - +0 helmet
rElec   .            (no cloak)
rCorr   .            (no gloves)
SInv    .            (no boots)
Will    .....        i - amulet of regeneration
Stlth   +            b - ring of protection from cold
HPRegen 1.08/turn    (no ring)
MPRegen 0.14/turn

%: no passive effects
@: no status effects
A: no striking features
a: Renounce Religion, Heroism


You were on level 7 of the Dungeon.
You worshipped Okawaru.
Okawaru was most pleased with you.
You visited 2 branches of the dungeon, and saw 8 of its levels.
You also visited: Ossuary.

You collected 286 gold pieces.


   Skills:
 - Level 3.1 Fighting
 + Level 13.9 Ranged Weapons
 - Level 1.2 Armour
 - Level 4.3 Dodging
 - Level 1.2 Stealth
 - Level 4.0 Invocations


You had 8 spell levels left.
You didn't know any spells.
Your spell library was empty.

Inventory:

Hand Weapons
 a - a +1 shortbow (weapon)
Armour
 f - a +0 helmet (worn)
 h - a +0 ring mail (worn)
Jewellery
 b - a ring of protection from cold (left hand)
 i - an amulet of regeneration (around neck)
Wands
 d - a wand of iceblast (5)
 j - a wand of digging (6)
Potions
 c - a potion of cancellation
 k - 5 potions of enlightenment
 m - 3 potions of curing
 n - 2 potions of magic

Dungeon Overview and Level Annotations

Branches:
Dungeon (7/15)             Temple (1/1) D:4         Ossuary (visited)

Altars:
Ashenzari
Cheibriados
Dithmenos
Elyvilon
Fedhas
Hepliaklqana
Kikubaaqudgha
Nemelex Xobeh
Okawaru
Qazlal
Ru
Sif Muna
Trog
Vehumet
Zin
The Shining One

Annotations:
D:4 2 runed translucent doors, qw's ghost, amateur SpHu
D:7 exclusion: 2 electric eels


Message History

Done exploring.
What level of the Dungeon? (default 6, ? - help)
There is a stone staircase leading down here.
You climb downwards.
Found 9 gold pieces.
There is a stone staircase leading up here.
An electric eel is nearby!
Waypoint 8 assigned to D:7.
You shoot an arrow.
The arrow closely misses the electric eel.
The arrow hits the plant.
The plant begins to die.
The plant is lightly damaged.
You shoot an arrow.
The arrow closely misses the electric eel.
The arrow hits the plant!
The plant is lightly damaged.
An electric eel comes into view.
You shoot an arrow.
The arrow barely misses the electric eel.
The arrow hits the plant but does no damage.
The plant is lightly damaged.
You shoot an arrow. The arrow hits the electric eel.
The electric eel is lightly wounded.
A nearby plant withers and dies.
The electric eel shoots out a bolt of lightning at you!
The bolt of electricity hits you! x2
The bolt of electricity hits the electric eel.
The electric eel completely resists.
The bolt of electricity hits the plant.
The plant begins to die.
The electric eel shoots out a bolt of lightning at you!
The bolt of electricity hits you!
The electric eel shoots out a bolt of lightning at you!
The bolt of electricity hits the plant!
The plant begins to die.
The bolt of electricity misses you. The bolt of electricity hits you!
The bolt of electricity hits the plant!
The electric eel shoots out a bolt of lightning at you!
The bolt of electricity hits you.
The electric eel shoots out a bolt of lightning at you!
The bolt of electricity hits you! The bolt of electricity hits you.
You die... 7777

##.# ~~~~7
#.. P~~~~7
##.#
~~~~P~77~.#
...~.SP~P<#
..........#
~.........#
~~..S.P.#.#
~~~~~P7.@.#
P~~~P7###.#
~~P~~ $.#
~P~~ ###
~~P 77~


You could see 2 electric eels.

Vanquished Creatures
  A water moccasin (D:6)
  2 ice beasts (D:5)
  A black bear (D:5)
  2 ogres (D:6)
  2 phantoms
  An elf zombie (Ossuary)
  A bullfrog (D:6)
  A scorpion (D:5)
  8 wights (D:6)
  A jelly (D:6)
  A gnoll bouda (D:5)
  3 hounds
  2 orc priests
  2 human zombies (Ossuary)
  A sleepcap (D:6)
  Natasha (twice) (D:4)
  An iguana (D:4)
  2 orc wizards
  4 mummies (Ossuary)
  13 adders
  4 gnolls (D:5)
  2 white imps
  3 adder zombies (Ossuary)
  2 ribbon worms (D:2)
  3 dart slugs
  13 orcs
  7 endoplasms
  7 giant cockroaches
  A gnoll zombie (Ossuary)
  6 goblins
  7 hobgoblins
  5 quokkas
  A ball python (D:4)
  A ball python skeleton (D:3)
  8 bats
  3 frilled lizards
  2 goblin zombies (Ossuary)
  2 kobolds
  A kobold zombie (Ossuary)
  2 orc zombies (Ossuary)
  5 rats
136 creatures vanquished.

Notes
Turn   | Place    | Note
-------+----------+-------------------------------------------
     0 | D:1      | qw the Deep Elf Hunter began the quest for the Orb.
     0 | D:1      | Reached XP level 1. HP: 12/12 MP: 3/3
     0 | D:1      | 0 ||| qw: Version: 0.3-a-155-g5e7d8dd
     0 | D:1      | 0 ||| qw: Game counter: 3475
     0 | D:1      | 0 ||| qw: Melee chars always use a shield: true
     0 | D:1      | 0 ||| qw: God list: Okawaru
     0 | D:1      | 0 ||| qw: Allow faded altars: false
     0 | D:1      | 0 ||| qw: Do Orc after clearing Dungeon:15 true
     0 | D:1      | 0 ||| qw: Do second Lair branch before Depths: true
     0 | D:1      | 0 ||| qw: Lair rune preference: random
     0 | D:1      | 0 ||| qw: Goals: Normal
     0 | D:1      | 0 ||| PLANNING D:1-11
   221 | D:1      | Reached skill level 6 in Ranged Weapons
   221 | D:1      | Reached XP level 2. HP: 16/16 MP: 4/4
   836 | D:1      | 836 ||| UPGRADING to +0 ring mail.
   846 | D:1      | 846 ||| DROPPING +0 leather armour.
   847 | D:1      | 847 ||| UPGRADING to amulet of regeneration.
   852 | D:1      | 852 ||| READING 2 scrolls labelled LYOKKU TOJU.
   856 | D:1      | 856 ||| READING 2 scrolls labelled EDWIUN SOOJITY.
   857 | D:1      | 857 ||| READING scroll labelled BIURUT ITARCHIGH.
   858 | D:1      | 858 ||| DRINKING 2 black potions.
   889 | D:1      | 889 ||| DROPPING scroll of butterflies.
   890 | D:1      | 890 ||| DROPPING potion of lignification.
   891 | D:1      | 891 ||| DROPPING scroll of fog.
   903 | D:2      | Found a faded altar of an unknown god.
   934 | D:2      | Reached XP level 3. HP: 19/20 MP: 5/5
   987 | D:2      | Reached skill level 7 in Ranged Weapons
  1039 | D:2      | Reached XP level 4. HP: 25/25 MP: 6/6
  1569 | D:2      | 1569 ||| FLEEEEING.
  1570 | D:2      | 1570 ||| FLEEEEING.
  1724 | D:2      | 1724 ||| UPGRADING to ring of protection from cold.
  1810 | D:3      | Found a stormy altar of Qazlal.
  1938 | D:3      | Reached skill level 8 in Ranged Weapons
  2202 | D:3      | Identified the +0 ring mail of Impatience {Stlth+}
  2442 | D:3      | 2442 ||| UPGRADING to +0 helmet.
  2447 | D:3      | 2447 ||| DROPPING +0 ring mail of Impatience {Stlth+}.
  2448 | D:3      | 2448 ||| READING 4 scrolls labelled OLIYBA ESTRO.
  2448 | D:3      | 2448 ||| IDENTIFYING brown potion
  2449 | D:3      | 2449 ||| READING 3 scrolls of identify.
  2449 | D:3      | 2449 ||| IDENTIFYING ruby potion
  2475 | D:4      | Found a large runed translucent door.
  2475 | D:4      | Found a large runed translucent door.
  2477 | D:4      | Noticed qw's ghost (amateur SpHu)
  2543 | D:4      | Reached XP level 5. HP: 29/29 MP: 7/7
  2752 | D:4      | Found a white marble altar of Elyvilon.
  2797 | D:4      | Noticed a phantom
  2818 | D:4      | Killed a phantom
  2819 | D:4      | Reached skill level 9 in Ranged Weapons
  2846 | D:4      | Found a staircase to the Ecumenical Temple.
  2847 | D:4      | 2847 ||| PLANNING TEMPLE
  2847 | D:4      | 2847 ||| READING 4 scrolls of identify.
  2847 | D:4      | 2847 ||| IDENTIFYING scroll labelled YXYDAI USECO
  2848 | D:4      | 2848 ||| DROPPING scroll of revelation.
  2854 | Temple   | Entered the Ecumenical Temple
  2855 | Temple   | 2855 ||| PLANNING OKAWARU WORSHIP
  2877 | Temple   | Became a worshipper of Warmaster Okawaru
  2878 | Temple   | 2878 ||| PLANNING D:1-11
  2950 | D:4      | Noticed Natasha
  2955 | D:4      | Killed Natasha
  2956 | D:4      | Reached XP level 6. HP: 35/35 MP: 8/8
  3422 | D:4      | Noticed Natasha
  3428 | D:4      | Killed Natasha
  3465 | D:4      | 3465 ||| READING 4 scrolls of identify.
  3465 | D:4      | 3465 ||| IDENTIFYING bubbling dark potion
  3466 | D:4      | 3466 ||| READING 3 scrolls of identify.
  3466 | D:4      | 3466 ||| IDENTIFYING scroll labelled MUL ARCHIOT
  3467 | D:4      | 3467 ||| READING scroll of enchant weapon.
  3467 | D:4      | 3467 ||| ENCHANTING +0 shortbow.
  3495 | D:5      | Entered Level 5 of the Dungeon
  3496 | D:5      | 3496 ||| PLANNING OSSUARY
  3568 | D:5      | HP: 7/35 [gnoll/+0 flail[a gnoll bouda] (10)]
  3569 | D:5      | 3569 ||| READING 2 scrolls of teleportation.
  3570 | D:5      | 3570 ||| DRINKING 2 potions of heal wounds.
  3707 | D:5      | Reached skill level 10 in Ranged Weapons
  3779 | D:5      | Reached skill level 3 in Dodging
  3819 | D:5      | Reached * piety under Okawaru
  3836 | D:5      | Reached XP level 7. HP: 38/40 MP: 9/9
  3842 | D:5      | Found a sand-covered staircase.
  3851 | Ossuary  | Entered an ossuary
  3873 | Ossuary  | Reached skill level 1 in Armour
  3873 | Ossuary  | Reached skill level 1 in Invocations
  3878 | Ossuary  | HP: 10/40 [gnoll zombie (3)]
  3879 | Ossuary  | 3879 ||| READING scroll of teleportation.
  3880 | Ossuary  | 3880 ||| DRINKING potion of heal wounds.
  4093 | Ossuary  | 4093 ||| READING 4 scrolls of identify.
  4093 | Ossuary  | 4093 ||| IDENTIFYING 2 fuming clear potions
  4094 | Ossuary  | 4094 ||| READING 3 scrolls of identify.
  4094 | Ossuary  | 4094 ||| IDENTIFYING 2 golden potions
  4095 | Ossuary  | 4095 ||| READING 2 scrolls of identify.
  4095 | Ossuary  | 4095 ||| IDENTIFYING scroll labelled ETUNIE TONEIJE
  4096 | Ossuary  | 4096 ||| READING scroll of identify.
  4096 | Ossuary  | 4096 ||| IDENTIFYING scroll labelled DAEZOY JEUS
  4097 | Ossuary  | 4097 ||| DROPPING scroll of amnesia.
  4098 | Ossuary  | 4098 ||| DROPPING scroll of blinking.
  4109 | D:5      | 4109 ||| PLANNING D:1-11
  4216 | D:5      | Found a blossoming altar of Fedhas.
  4221 | D:5      | Found an ancient bone altar of Kikubaaqudgha.
  4253 | D:5      | Reached skill level 3 in Invocations
  4288 | D:5      | Reached ** piety under Okawaru
  4289 | D:5      | Reached skill level 11 in Ranged Weapons
  4296 | D:5      | HP: 7/40 [ice beast (7)]
  4556 | D:5      | Found a shimmering blue altar of Sif Muna.
  4678 | D:5      | Reached XP level 8. HP: 44/44 MP: 13/13
  4734 | D:5      | 4734 ||| READING scroll of identify.
  4734 | D:5      | 4734 ||| IDENTIFYING viscous black potion
  4735 | D:5      | 4735 ||| DROPPING potion of berserk rage.
  4764 | D:6      | 4764 ||| STAIRDANCE
  4797 | D:6      | Found a snail-covered altar of Cheibriados.
  4817 | D:6      | Reached skill level 12 in Ranged Weapons
  4927 | D:6      | Reached skill level 3 in Fighting
  5147 | D:6      | Reached *** piety under Okawaru
  5167 | D:6      | Reached skill level 13 in Ranged Weapons
  5515 | D:6      | Reached XP level 9. HP: 50/50 MP: 14/14
  5629 | D:6      | 5629 ||| DROPPING ring of flight.
  5630 | D:6      | 5630 ||| READING scroll of identify.
  5630 | D:6      | 5630 ||| IDENTIFYING purple potion
  5631 | D:6      | 5631 ||| DROPPING potion of brilliance.
  5653 | D:7      | HP: 12/50 [electric eel/bolt of electricity (1)]
  5654 | D:7      | HP: 3/50 [electric eel/bolt of electricity (10)]
  5654 | D:7      | Killed from afar by an electric eel

Levels and vault maps discovered:
D:1:      shiori_arrival_elements, layout_loops_ring, minmay_distorted
D:2:      layout_basic, serial_rivers, chequers_serial_rivers_micro_e,
          chequers_serial_rivers_micro_a, chequers_serial_rivers_room_a,
          chequers_serial_rivers_micro_e, shapermc_ecumenical_altar_pompeii
D:3:      layout_basic, grunt_qazlal_sundering, serial_undead, serial_undead_d,
          serial_undead_f, serial_undead_c, serial_undead_b,
          ebering_dispersal_statue_hall
D:4:      layout_loops_corners, elyvilon_altar_4,
          minmay_temple_entry_enclosed_plants, ebering_ghost_disaster_area,
          grunt_decor_junction, uniq_natasha
D:5:      layout_loops_corners, grunt_temple_overflow_growth_and_decay,
          nicolae_sif_muna_condensation, nicolae_ossuary_entry_ruins
D:6:      layout_loops_ring, lemuel_doored_altar, grunt_ministairs_1
D:7:      layout_loops_ring, regret_index_xom_buried_treasure,
          mainiacjoe_overflow_alcove_2, makhleb_blood_cavern_becter,
          serial_bayou_ford_a, st_stairs_13
Temple:   cyrus_temple_forest

Skill      XL: |  1  2  3  4  5  6  7  8 |
---------------+-------------------------+-----
Ranged Weapons | 6 7 8 9 10 11 13 | 13.9
Fighting       | 2 3 |  3.1
Dodging        | 3 4 |  4.3
Armour         | 1 |  1.2
Invocations    | 4 |  4.0
Stealth        | |  1.2

Action                     |  1- 3 |  4- 6 |  7- 9 || total
---------------------------+-------+-------+-------++-------
   Fire: Shortbow          |   115 |   208 |   338 ||   661
    Use: Scroll            |     3 |     7 |     7 ||    17
         Potion            |     1 |     1 |     1 ||     3
 Armour: Leather armour    |    17 |       |       ||    17
         Ring mail         |    13 |    59 |   255 ||   327
  Dodge: Dodged            |    33 |    40 |   232 ||   305

Table legend:
 A = Non-vault XP
 B = Vault XP
 C = Vault XP percentage of total XP
 D = Non-vault monster count
 E = Vault monster count
 F = Vault count percentage of total count
                 A         B        C        D         E       F
            +---------+---------+-------+---------+---------+-------
      Total |    2458 |     488 |  16.6 |     112 |      23 |  17.0
            +---------+---------+-------+---------+---------+-------
        D:1 |      33 |       6 |  15.4 |      22 |       3 |  12.0
        D:2 |      90 |       0 |   0.0 |      18 |       0 |   0.0
        D:3 |      55 |       1 |   1.8 |      16 |       1 |   5.9
        D:4 |     201 |      35 |  14.8 |       9 |       1 |  10.0
        D:5 |     730 |       0 |   0.0 |      18 |       0 |   0.0
        D:6 |    1349 |     160 |  10.6 |      29 |       2 |   6.5
    Ossuary |       0 |     286 | 100.0 |       0 |      16 | 100.0
            +---------+---------+-------+---------+---------+-------
